 Dungeon Crawl Stone Soup version 0.23.1-41-g7e51ed3 (webtiles) character file.

Game seed: 9157968137540822002

19 Borgoz the Cutter (level 2, -3/18 HPs)
             Began as a Gargoyle Gladiator on Mar 29, 2019.
             Killed from afar by a white imp (5 damage)
             ... with a puff of frost
             ... summoned by Natasha
             ... on level 1 of the Dungeon.
             The game lasted 00:01:00 (672 turns).

Borgoz the Cutter (Gargoyle Gladiator)               Turns: 672, Time: 00:01:01

Health: -3/18      AC:  6    Str: 17    XL:     2   Next: 75%
Magic:  2/2        EV: 12    Int:  8    God:
Gold:   75         SH:  0    Dex: 11    Spells: 1/1 levels left

rFire    . . .     SeeInvis .   e - +3 dagger
rCold    . . .     Gourm    .   (no shield)
rNeg     + . .     Faith    .   b - +0 leather armour
rPois    ∞         Spirit   .   c - +0 helmet
rElec    +         Reflect  .   (no cloak)
rCorr    .         Harm     .   (no gloves)
MR       .....                  (no boots)
Stlth    +.........             (no amulet)
HPRegen  0.06/turn              (no ring)
MPRegen  0.08/turn              (no ring)

@: slowed, very slow
A: negative energy resistance 1, electricity resistance, unbreathing,
petrification resistance, rot immunity, AC +2
a: no special abilities


You were on level 1 of the Dungeon.
You were not hungry.

You visited 1 branch of the dungeon, and saw 2 of its levels.

You collected 75 gold pieces.

Inventory:

Hand Weapons
 a - a +0 rapier
 e - a +3 dagger (weapon)
Missiles
 d - a throwing net (quivered)
Armour
 b - a +0 leather armour (worn)
 c - a +0 helmet (worn)
Scrolls
 g - a scroll of enchant armour {unknown}
 h - a scroll of enchant weapon {unknown}
 j - a scroll of teleportation {unknown}
 k - a scroll of identify {unknown}
 m - 2 scrolls of amnesia {unknown}
Potions
 i - 2 potions of mutation {unknown}
 l - a potion of magic {unknown}
 n - a potion of heal wounds {unknown}
Comestibles
 f - 2 rations


   Skills:
 + Level 2.3 Fighting
 * Level 2.9 Short Blades
 + Level 1.9 Throwing
 * Level 0.8 Armour
 * Level 2.5 Dodging
 + Level 0.7 Stealth
 + Level 0.3 Spellcasting


You had one spell level left.
You didn't know any spells.
Your spell library was empty.

Dungeon Overview and Level Annotations

Branches:
Dungeon (2/15)

Altars:

Annotations:
D:1 Natasha


Innate Abilities, Weirdness & Mutations

You are resistant to torment.
Your stone body is resilient. (AC +2)
You are immune to poison.
You resist negative energy. (rN+)
You are resistant to electric shocks. (rElec)
You can survive without breathing.
You are immune to petrification.
You are immune to rotting.


Message History

Throwing (i - inventory)
d - 2 throwing nets (quivered)
Press: ? - help, Shift-Dir - straight line, f/p - Natasha
Aim: Natasha (moderately wounded)
You throw a throwing net. The throwing net hits Natasha.
Natasha is caught in the net!
Natasha is moderately wounded.
Natasha casts a spell at you.
You feel yourself slow down.
Natasha struggles against the net.
You hit Natasha.
Natasha is heavily wounded.
Natasha struggles against the net.
You hit Natasha but do no damage.
Natasha is heavily wounded.
Natasha struggles against the net.
The white imp barely misses you.
You hit Natasha.
Natasha is severely wounded.
Natasha struggles against the net.
The white imp gestures at you. The puff of frost hits you.
You die...

#.#...##.#..............#....#
#.###.##.#.###.########^#.####
#.....##'#.........#....#.#
#..###.............#.####.###
###..###......................#
..#............#####...########
....###........#....#........#
.†###...>......#.##.#...####.#
..# #.#.########@##.#.#.####.#
..###.### ###h5......#....#
#.......######...#.######.####
......#.#......#.#......#.####
#######.#......#.#..#.#.#....#
........#......#(.....#.######
...#...##......###.#..#.#
....##.##........#.#.##.#
.#.....##.....#.##.#.[..#


You could see Natasha (caught) and a white imp.

Vanquished Creatures
  A leopard gecko (D:1)
  A ball python (D:1)
  A giant cockroach (D:1)
  3 goblins (D:1)
  2 hobgoblins (D:1)
  3 bats (D:1)
  2 frilled lizards (D:1)
  2 kobolds
  3 rats (D:1)
18 creatures vanquished.

Vanquished Creatures (others)
  5 toadstools (D:1)
5 creatures vanquished.

Grand Total: 23 creatures vanquished

Notes
Turn   | Place    | Note
-------+----------+-------------------------------------------
     0 | D:1      | Borgoz the Gargoyle Gladiator began the quest for the Orb.
     0 | D:1      | Reached XP level 1. HP: 12/12 MP: 1/1
   143 | D:1      | Reached XP level 2. HP: 17/17 MP: 2/2
   654 | D:2      | Noticed Natasha
   672 | D:1      | Killed from afar by a white imp

Action                   || total
-------------------------++-------
Melee: Dagger            ||    61
       Rapier            ||     2
Throw: Throwing net      ||     2
Armor: Leather armour    ||    19
Dodge: Dodged            ||    42
